Unix NetHack Version 3.7.0-87 Work-in-progress - last build Jul 10 2023 07:44:15 (7b8fb695e8da368a330deb08e1fba930d25c8d80,branch:master). Game began 2023-07-17 12:56:29, ended 2023-07-23 01:32:31. Grasshopper, neutral male human Wizard ---------------------- ............&..[[..[.. ........[..)..----[---- @ .....t..%...$--!.$....-- ............--[.[)..$..-- D ----- .........[..| .!.[....."| q ...| ---)..------- ...)%...$-- ---------..-- ----|---- -[...)[.-- |......[|.[[-- --g).....-- -----|----- A |).@/...|....---..[).[...- ---)...)...$--- & |%.*_...-.....-./......... |../)..[......| D @ |.....b.|)..[---.........- |! ----+---- .| @ |.......|...-- --.).....- | |.....))| | ---------..-- -------- |*.D$[+.| ..[.| |?.A@...| A ------ |..[A@..| |../D[)!| --------- Grasshopper the Mage St:18/** Dx:23 Co:18 In:23 Wi:23 Ch:18 Neutral Astral Plane $:1252 HP:631(631) Pw:440(636) AC:-61 Xp:30/105756416 Satiated T:59172 Latest messages: What do you want to use or apply? [cfijq-wCOPUVY or ?*] i o - an uncursed scroll of genocide. The invisible Abby flies reluctantly over a scroll of blank paper. The invisible Abby picks up a scroll of blank paper. You hear a rumbling noise. What do you want to read? [lo or ?*] o As you read the scroll, it disappears. What type of monster do you want to genocide? purple worm Wiped out all purple worms. The invisible Abby gazes at the high priest... The high priest is blinded. What do you want to use or apply? [cfijq-wCOPUVY or ?*] q You produce a strange whistling sound. Four creatures shift locations. The invisible Abby picks up a long sword. The invisible Abby picks up a large shield. The invisible Yo picks up a scroll of teleportation. The invisible Abby gazes at the high priest of Thoth... but nothing happens. You hear a rumbling noise. What do you want to use or apply? [cfijq-wCOPUVY or ?*] i E - an uncursed tripe ration. The guardian Angel of Thoth picks up a small shield. The invisible Abby swings her Fire Brand at the high priest of Thoth. The fiery blade hits the high priest of Thoth. The high priest of Thoth's spellbook of cure blindness catches fire and burns! The invisible Abby swings her Fire Brand at the high priest of Thoth. The fiery blade hits the high priest of Thoth. The invisible Abby gazes at the high priest of Thoth... but nothing happens. The invisible Abby hits the high priest of Thoth. The fiery blade hits the high priest of Thoth. The high priest of Thoth wields a mace! The mace welds itself to the high priest of Thoth's hand! The green dragon picks up a long sword. What do you want to use or apply? [cfijq-wCOPUVY or ?*] s In what direction? 7 Status of Yo (lawful, gigantic): Level 22 HP 68(176) AC -1, tame, fast, invisible. What do you want to sacrifice? [g or ?*] g You offer the Amulet of Yendor to Thoth... An invisible choir sings, and you are bathed in radiance... The voice of Thoth rings out: "Mortal, thou hast done well!" "In return for thy service, I grant thee the gift of Immortality!" You ascend to the status of Demigod... Do you want your possessions identified? [ynq] (y) y Do you want to see your attributes? [ynq] (y) y Do you want an account of creatures vanquished? [ynaq] (y) y Do you want a list of species genocided and extinct? [ynaq] (y) y Do you want to see your conduct and achievements? [ynq] (y) y Do you want to see the dungeon overview? [ynq] (y) y Inventory: Coins ('$') $ - 1252 gold pieces Amulets ('"') I - the blessed Eye of the Aethiopica Q - a blessed amulet of life saving (being worn) Weapons (')') a - the blessed rustproof +2 Magicbane d - the blessed rustproof +7 Frost Brand (alternate weapon; not wielded) h - the blessed rustproof +7 Vorpal Blade (weapon in hand) z - 6 blessed +7 silver daggers named +7 W - 12 blessed poisoned rustproof +7 darts named +7 Armor ('[') b - a blessed fireproof +5 cloak of protection (being worn) B - a blessed fireproof +5 pair of water walking boots (being worn) D - a blessed fireproof +5 small shield (being worn) G - a blessed fireproof +5 pair of gauntlets of dexterity (being worn) H - a blessed tempered +5 helm of brilliance (being worn) S - a blessed +5 silver dragon scale mail (being worn) T - a blessed +5 Hawaiian shirt with an orchid motif (being worn) Comestibles ('%') E - an uncursed tripe ration F - a blessed lizard corpse named Lizard of Oz Scrolls ('?') l - 3 blessed scrolls of taming Wands ('/') f - an uncursed wand of digging (0:2) j - an uncursed wand of death (0:4) r - an uncursed wand of slow monster (0:5) v - a blessed wand of teleportation (0:1) w - an uncursed wand of cold (0:8) C - an uncursed wand of teleportation (1:5) O - an uncursed wand of polymorph (0:6) V - an uncursed wand of light (1:9) Rings ('=') e - an uncursed +6 ring of increase damage (on right hand) X - an uncursed +6 ring of increase damage (on left hand) Tools ('(') c - a blessed skeleton key i - a blessed greased bag of holding containing 120 items q - a blessed magic whistle s - a blessed stethoscope t - a blessed wet towel u - an uncursed +0 unicorn horn P - the blessed Platinum Yendorian Express Card U - a blessed oilskin sack named <<< CANCELLATION >>> containing 1 item Y - the uncursed Candelabrum of Invocation (7 of 7 candles, lit) Gems/Stones ('*') N - a blessed luckstone Contents of the bag of holding: an uncursed amulet of flying an uncursed amulet of life saving a blessed amulet of reflection a blessed amulet of unchanging a blessed rustproof +7 dart named +7 27 blessed poisoned rustproof +7 darts named +7 14 blessed +7 silver daggers named +7 a blessed fireproof +1 cloak of magic resistance a blessed greased fireproof +4 robe an uncursed pineapple 2 uncursed apples an uncursed banana 3 blessed eucalyptus leaves 3 uncursed K-rations an uncursed lembas wafer 2 uncursed lumps of royal jelly an uncursed pancake 2 uncursed tripe rations a blessed tin of spinach 2 blessed eggs named chook a blessed cockatrice egg a blessed cockatrice egg 2 uncursed eggs named chook 2 uncursed scrolls of blank paper a blessed scroll of charging a blessed scroll of create monster a cursed scroll of create monster a blessed scroll of earth 10 blessed scrolls of genocide 4 blessed scrolls of gold detection a blessed scroll of remove curse a blessed wand of cold (0:4) an uncursed wand of cold (0:8) an uncursed wand of cold (0:5) an uncursed wand of cold (1:4) an uncursed wand of death (0:6) an uncursed wand of death (0:5) an uncursed wand of death (0:5) an uncursed wand of digging (0:8) an uncursed wand of digging (0:8) an uncursed wand of digging (0:8) an uncursed wand of digging (0:8) an uncursed wand of digging (0:8) an uncursed wand of enlightenment (1:4) a blessed wand of fire (0:7) an uncursed wand of lightning (0:7) an uncursed wand of lightning (0:5) an uncursed wand of locking (0:6) an uncursed wand of magic missile (0:6) an uncursed wand of opening (0:3) an uncursed wand of polymorph (0:5) an uncursed wand of probing (2:11) an uncursed wand of probing (0:8) an uncursed wand of secret door detection named 1 (0:14) an uncursed wand of sleep (0:5) an uncursed wand of sleep (0:7) an uncursed wand of sleep named 2 (0:4) an uncursed wand of slow monster (2:10) a blessed wand of speed monster named 2 (0:1) an uncursed wand of speed monster (1:12) an uncursed wand of speed monster (0:6) an uncursed wand of speed monster (0:5) an uncursed wand of speed monster (0:4) an uncursed wand of striking (0:7) an uncursed wand of teleportation (1:15) an uncursed wand of teleportation (0:6) an uncursed wand of teleportation (0:5) an uncursed wand of teleportation (0:5) an uncursed wand of teleportation (0:5) an uncursed wand of teleportation (0:4) an uncursed wand of teleportation (0:4) an uncursed wand of undead turning (1:11) an uncursed wand of undead turning (0:7) an uncursed wand of wishing (1:3) an uncursed wand of wishing (1:1) a blessed +2 ring of adornment a blessed +1 ring of adornment an uncursed ring of conflict an uncursed ring of free action a blessed +4 ring of gain constitution an uncursed ring of hunger an uncursed ring of invisibility an uncursed ring of levitation an uncursed ring of polymorph an uncursed ring of polymorph control an uncursed +4 ring of protection a blessed ring of protection from shape changers an uncursed ring of regeneration an uncursed ring of searching a blessed potion of acid 4 blessed potions of full healing an uncursed potion of healing an uncursed potion of polymorph an uncursed potion of polymorph a blessed potion of speed 5 potions of holy water an uncursed potion of water a potion of unholy water a blessed sack named LOOOOT DO NOT REMOVE containing 1 item a blessed magic harp (1:6) an uncursed tooled horn a blessed greased magic lamp a blessed magic lamp an uncursed magic marker (1:50) an uncursed magic marker (1:27) an uncursed magic marker (1:21) 7 blessed wax candles an uncursed amethyst stone an uncursed amethyst stone 5 uncursed aquamarine stones 3 uncursed chrysoberyl stones 3 uncursed dilithium crystals an uncursed fluorite stone 4 uncursed jade stones 4 uncursed jade stones 2 uncursed jet stones an uncursed ruby 3 uncursed topaz stones 2 uncursed turquoise stones a blessed luckstone Contents of the sack named LOOOOT DO NOT REMOVE: an uncursed sack named 6 containing 1 item Contents of the sack named 6: an uncursed sack named 5 containing 1 item Contents of the sack named 5: an uncursed sack named 4 containing 1 item Contents of the sack named 4: a blessed sack named 3 containing 1 item Contents of the sack named 3: an uncursed sack named 2 containing 1 item Contents of the sack named 2: an uncursed sack named 1 containing 1 item Contents of the sack named 1: a blessed bag of holding containing 30 items Contents of the bag of holding: a cursed amulet of ESP an uncursed amulet of life saving a blessed amulet of magical breathing an uncursed greased amulet of reflection an uncursed amulet of reflection the uncursed rustproof +0 Giantslayer the uncursed rustproof +0 Mjollnir the uncursed rustproof +0 Ogresmasher 22 uncursed agate stones 14 uncursed amber stones 38 uncursed amethyst stones 24 uncursed aquamarine stones 4 uncursed black opals 7 uncursed chrysoberyl stones 39 uncursed citrine stones 8 uncursed diamonds 2 uncursed dilithium crystals 23 uncursed emeralds 17 uncursed fluorite stones 7 uncursed garnet stones 9 uncursed jacinth stones 4 uncursed jade stones 20 uncursed jasper stones 15 uncursed jet stones 16 uncursed obsidian stones 14 uncursed opals 8 uncursed rubies 4 uncursed sapphires 22 uncursed topaz stones 19 uncursed turquoise stones Contents of the oilskin sack named <<< CANCELLATION >>>: an uncursed wand of cancellation (2:5) Grasshopper the Wizard's attributes: Background: You were a Mage, a level 30 male human Wizard. You were neutral, on a mission for Thoth who was opposed by Ptah (lawful) and Anhur (chaotic). You were in the endgame, on the Astral Plane. You entered the dungeon 59172 turns ago. It was nighttime. You had 105756416 experience points. Basics: You had all 631 hit points. You had 440 out of 636 energy points (spell power). Your armor class was -61. Your wallet contained 1252 zorkmids. Autopickup was on for '$"%?+/=!*' plus thrown, with exceptions. Final Characteristics: Your strength was 18/100 (limit:18/100). Your dexterity was 23 (base:18, innate limit:18). Your constitution was 18 (limit:18). Your intelligence was 23 (base:18, innate limit:18). Your wisdom was 23 (base:18, innate limit:18). Your charisma was 18 (limit:18). Final Status: You were satiated. You were unencumbered. You were wielding a long sword. You had basic skill with long sword. Final Attributes: You were the Envoy of Balance. You were piously aligned. You were magic-protected. You were fire resistant. You were cold resistant. You were sleep resistant. You were disintegration resistant. You were shock resistant. You were poison resistant. You saw invisible. You were telepathic. You were warned. You were sensing the presence of monsters. You would have confused monsters when hitting them. You were invisible to others. You were stealthy. You could teleport. You had teleport control. You could walk on water. You could survive without air. You had a large damage bonus (+12). You had a huge defense bonus (+20). You were protected. You took half spell damage. You were very fast. You had reflection. Your life would have been saved. You were extremely lucky. You had extra luck. Good luck did not time out for you. You survived. Miscellaneous: You encountered 3 bones levels. Total elapsed playing time was 3 days, 1 hour, 27 minutes and 42 seconds. Major events: Turn 1: Grasshopper the neutral male human Wizard entered the dungeon 852: attained the rank of Conjurer (level 3) 1251: entered the Gnomish Mines 2053: attained the rank of Thaumaturge (level 6) 7818: Htargcm, the hardware store proprietor, has been killed 8001: Ballingeary, the rare books proprietor, has been killed 8035: Bandjar, the delicatessen proprietor, has been killed 8171: read a Discworld novel 9387: acquired the Mines' End luckstone 11414: Njezjin, the liquor emporium proprietor, has been killed 13209: entered Sokoban 13655: completed 1st Sokoban level 14333: completed 2nd Sokoban level 14917: was bestowed with Magicbane by Thoth 15359: attained the rank of Magician (level 10) 15741: completed 3rd Sokoban level 16663: completed 4th Sokoban level 16803: acquired the Sokoban amulet of reflection 17408: destroyed Lly's ghost, the former Fighter 20754: performed his first genocide (class m) 21186: attained the rank of Enchanter (level 14) 21390: genocided master mind flayers 26105: consulted the Oracle 26912: made his first wish - "blessed fixed platinum yendorian express card", got "a credit card named the Platinum Yendorian Express Card" 32115: killed Croesus 32295: genocided mind flayers 34501: attained the rank of Sorcerer (level 18) 37204: killed the Dark One 37204: found the Eye of the Aethiopica carried by a monster 37208: acquired the Bell of Opening 38137: killed Medusa 39611: wished for "blessed fixed wand of undead turning", got "a brass wand" 40112: entered Gehennom 42969: was bestowed with Ogresmasher by Thoth 44080: was bestowed with Mjollnir by Thoth 45364: attained the rank of Necromancer (level 22) 45410: attained the rank of Wizard (level 26) 45413: attained the rank of Mage (level 30) 45414: wished for "blessed greased +5 helm of brilliance", got "a greased crystal helmet" 46183: became Thoth's Envoy of Balance 46183: was bestowed with spellbook of finger of death 47800: was bestowed with Fire Brand by Thoth 48024: genocided class L 48493: killed Orcus 48522: killed Juiblex 48524: killed the invisible Demogorgon 48883: found Frost Brand in a container 51927: destroyed Vlad the Impaler 51937: acquired the Candelabrum of Invocation 52273: wished for "blessed greased fireproof magic harp", got "a greased harp" 52799: killed Baalzebub 52960: killed Asmodeus 53853: destroyed the green slime, and former Traveler 53860: found Vorpal Blade on the floor 54499: wished for "blessed figurine of an archon", got "a figurine of an Archon" 56225: was bestowed with Giantslayer by Thoth 56435: killed the Wizard of Yendor 56441: acquired the Book of the Dead 56450: performed the invocation 56636: killed the high priestess of Moloch 56645: acquired The Amulet of Yendor 58155: killed the Wizard of Yendor (2nd time) 58826: entered the Elemental Planes 58826: entered Plane of Earth 58826: killed the Wizard of Yendor (3rd time) 58878: entered Plane of Air 58922: entered Plane of Fire 58928: genocided class v 58970: entered Plane of Water 58971: genocided class ; 58972: genocided class S 59023: entered the Astral Plane 59052: Famine has been killed 59065: killed the invisible Pestilence 59069: Famine has been killed (2nd time) 59082: Famine has been killed (3rd time) 59124: Famine has been killed (5th time) 59136: killed the invisible Pestilence (2nd time) 59170: genocided purple worms 59172: ascended Vanquished creatures: Demogorgon Asmodeus Baalzebub Orcus Juiblex the Wizard of Yendor (thrice) Pestilence (twice) Famine (8 times) Vlad the Impaler a high cleric 2 mastodons Medusa Croesus 15 krakens an Archon 7 iron golems a master lich 2 ki-rin 4 storm giants 2 glass golems a balrog 33 purple worms 4 gray dragons a gold dragon 12 silver dragons 4 red dragons 6 white dragons 3 orange dragons 8 black dragons 4 blue dragons a green dragon 5 yellow dragons 23 minotaurs 6 jabberwocks the Dark One 4 baluchitheria 36 Angels 3 demiliches 6 stone golems 12 Olog-hai 6 Nazgul 5 pit fiends a sandestin 5 hell hounds 7 displacer beasts 8 titanotheres 9 trappers a baby black dragon 3 baby yellow dragons 3 guardian nagas 5 genetic engineers 2 disenchanters 23 vampire leaders 4 shopkeepers 2 prisoners 41 aligned clerics 9 captains 7 liches 5 clay golems 13 nurses 6 ice devils 4 nalfeshnees 8 lurkers above 2 Aleaxes 8 frost giants 10 ettins 6 golden nagas 10 black puddings 28 vampires 11 lieutenants a watch captain 39 ghosts an archeologist 2 rogues 2 wizards a queen bee 5 winged gargoyles 2 giant mimics 7 long worms 10 zruties 10 fire giants 13 ogre tyrants 7 ice trolls 4 rock trolls 8 umber hulks 22 flesh golems 10 elven monarchs 6 doppelgangers 5 hezrous 13 bone devils 2 large mimics 5 wumpuses 7 fire vortices 11 couatls 21 stalkers 8 air elementals 12 fire elementals 6 earth elementals 9 water elementals 21 hill giants 6 giant mummies 8 black nagas 16 xorns 21 giant zombies 15 elf-nobles 32 sergeants a water demon 6 barbed devils 7 vrocks 5 salamanders 6 wargs 4 winter wolves 3 hell hound pups 10 small mimics 10 glass piercers 4 warhorses 6 steam vortices 18 xans 9 ettin mummies 9 ogre leaders 16 quantum mechanics 22 trolls 3 wood golems 2 erinyes 5 mariliths 2 djinn 8 sharks 8 electric eels 19 gelatinous cubes 4 pyrolisks 4 large dogs 8 freezing spheres 9 flaming spheres 16 shocking spheres 9 large cats 12 tigers 8 gargoyles 7 dwarf rulers 17 tengu 14 ochre jellies 13 leocrottas 8 energy vortices 6 mountain centaurs 4 stone giants 2 elf mummies 4 human mummies 4 red nagas 4 green slimes 7 pythons 10 pit vipers 11 cobras 44 wraiths 7 carnivorous apes 17 ettin zombies 3 leather golems 25 Grey-elves 120 soldiers 4 watchmen 13 amorous demons 5 horned devils 15 chameleons 4 crocodiles 15 giant beetles 15 quivering blobs 28 cockatrices 9 wolves 9 winter wolf cubs 10 lynxes 7 panthers 7 gremlins 3 spotted jellies 52 leprechauns 12 orc-captains 8 iron piercers 5 mumakil 6 giant spiders 8 scorpions 13 horses 11 black lights 62 vampire bats 10 forest centaurs 11 gnome rulers 6 orc mummies 8 dwarf mummies 5 ogres 7 brown puddings 13 rust monsters 13 owlbears 7 yetis 5 gold golems 5 werewolves 20 Green-elves 6 piranha 26 giant eels 23 lizards 11 chickatrices 4 dogs 3 housecats 8 jaguars 10 dwarf leaders 6 blue jellies 4 white unicorns 2 gray unicorns 5 black unicorns 8 dust vortices 14 ravens 11 plains centaurs 7 gnome mummies 14 snakes 14 apes 26 human zombies 5 rope golems 23 Woodland-elves 25 soldier ants 14 fire ants 25 bugbears 7 imps 9 lemures 13 quasits 7 wood nymphs 11 water nymphs 8 mountain nymphs 30 Mordor orcs 10 Uruk-hai 7 orc shamans 18 rock piercers 5 rock moles 8 ponies 9 fog clouds 18 yellow lights 3 shriekers 7 violet fungi 31 gnome leaders 8 gnomish wizards 4 kobold mummies 3 black naga hatchlings 8 gray oozes 5 barrow wights 16 elf zombies 18 ghouls 8 straw golems 8 paper golems 6 jellyfish 13 giant ants 4 little dogs 19 floating eyes 6 kittens 30 dwarves 18 homunculi 4 kobold leaders 5 kobold shamans 23 hill orcs 41 rothes 4 rabid rats 6 centipedes 18 giant bats 5 monkeys 28 orc zombies 24 dwarf zombies 2 wererats 3 werejackals 24 iguanas 49 killer bees 27 acid blobs 3 coyotes 5 gas spores 13 hobbits 26 manes 6 large kobolds 42 hobgoblins 19 giant rats 22 cave spiders 5 brown molds 6 yellow molds 2 green molds 3 red molds 57 gnomes a Keystone Kop 10 garter snakes 20 gnome zombies 21 geckos 32 jackals 4 foxes 8 kobolds 11 goblins 17 sewer rats 24 grid bugs 21 bats 20 lichens 23 kobold zombies 25 newts 3238 creatures vanquished. Genocided or extinct species: arch-liches krakens master liches purple worms demiliches master mind flayers liches mind flayers giant mimics large mimics fire vortices small mimics steam vortices sharks electric eels energy vortices pythons pit vipers cobras soldiers (extinct) ice vortices piranha giant eels dust vortices snakes water moccasins fog clouds jellyfish garter snakes 28 species genocided. 1 species extinct. Voluntary challenges: You read items or engraved 296 times. You never engraved Elbereth. You genocided 28 types of monsters. You used 5 wishes (1 for an artifact). You did not violate any of the special Sokoban rules. Achievements: You entered a shop. You attained the rank of Conjurer. You entered the Gnomish Mines. You entered a temple. You attained the rank of Thaumaturge. You read from a Discworld novel. You completed the Gnomish Mines. You entered Sokoban. You attained the rank of Magician. You completed Sokoban. You attained the rank of Enchanter. You consulted the Oracle of Delphi. You attained the rank of Sorcerer. You handled the Bell of Opening. You learned the tune to open and close the Castle's drawbridge. You defeated Medusa. You entered Gehennom. You attained the rank of Necromancer. You attained the rank of Wizard. You attained the rank of Mage. You had the Candelabrum of Invocation. You handled the Book of the Dead. You gained access to Moloch's Sanctum. You reached the Elemental Planes. You reached the Astral Plane. You delivered the Amulet of Yendor. You ascended! The Elemental Planes: Astral Plane: <- You are here. Some temples. Plane of Water: Plane of Fire: Plane of Air: Plane of Earth: The Dungeons of Doom: levels 1 to 26 Level 1: A fountain. One way stairs up to The Elemental Planes. Level 2: An untended shop. Level 3: "OLD LAIR" An altar to Thoth. Level 4: Stairs down to The Gnomish Mines. Level 5: Some fountains. Oracle of Delphi. Level 6: "NEW LAIR -s" Some altars to Thoth. Stairs up to Sokoban, level 5. Level 7: Level 8: Some fountains. Final resting place for ais523-Kni-Hum-Fem-Law, killed by an ettin zombie, ais523-Wiz-Elf-Mal-Cha, killed by an ettin zombie, Lly-Val-Dwa-Fem-Law, killed by a snake. Level 9: A fountain. Level 10: "-s" A fountain. Level 11: Portal to The Quest. Level 12: A general store. Level 13: A temple to Thoth, some fountains. Portal to Fort Ludios. Level 14: Level 15: Some fountains. Level 16: "c" Some fountains. Level 17: A primitive area. Level 18: "lp" A fountain. Level 19: Many fountains. Level 20: Level 21: A fountain. Level 22: Some fountains. Level 23: Level 24: "Medusa" Some fountains, many trees. Level 25: Level 26: "c" The castle. Connection to Gehennom. Gehennom: levels 27 to 46 Level 27: A temple, many graves. Valley of the Dead. Level 28: "c" Level 29: Level 30: "Jubes" A fountain. Final resting place for Urc-Tou-Hum-Mal-Neu, turned to slime by a green slime. Level 31: Level 32: "Asmo poly" Level 33: Level 34: Level 35: "Baalz" Level 36: Stairs up to Vlad's Tower, level 35. Level 37: "Rodney c" Level 38: Level 39: "wiz bottom" Level 40: "poly" Level 41: "Orcus c" Some shops, an altar, many graves. Final resting place for Bartlem-Wiz-Hum-Fem-Cha, poisoned by Demogorgon. Level 42: "wiz portal c" Level 43: Level 44: Level 45: "VS poly c" Level 46: A temple, many graves. Moloch's Sanctum. The Gnomish Mines: levels 5 to 13 Level 5: Level 6: Level 7: "MT" Many shops, a temple to Thoth, some fountains. Level 8: "junkstash near down" Level 9: Level 10: Level 11: Level 12: Level 13: "ME" Some fountains. The Quest: levels 1 to 5 Level 1: Completed quest for Neferet the Green. Level 2: "poly" Level 3: Level 4: Level 5: A temple to Thoth. Sokoban: levels 5 up to 2 Level 2: Solved. Level 3: Solved. Level 4: Solved. Level 5: Solved. Fort Ludios: Level 1: Fort Ludios. Vlad's Tower: levels 35 up to 33 Level 33: Level 34: Level 35: Goodbye Grasshopper the Demigod... You and the invisible Yo and the invisible Abby and the guardian Angel of Thoth went to your reward with 3483594 points, Magicbane (worth 3500 zorkmids and 8750 points) Frost Brand (worth 3000 zorkmids and 7500 points) Vorpal Blade (worth 4000 zorkmids and 10000 points) Giantslayer (worth 200 zorkmids and 500 points) Mjollnir (worth 4000 zorkmids and 10000 points) Ogresmasher (worth 200 zorkmids and 500 points) The Eye of the Aethiopica (worth 4000 zorkmids and 10000 points) The Platinum Yendorian Express Card (worth 7000 zorkmids and 17500 points) The Candelabrum of Invocation (worth 5000 zorkmids and 12500 points) 40 amethyst stones (worth 24000 zorkmids), 39 citrine stones (worth 58500 zorkmids), 29 aquamarine stones (worth 43500 zorkmids), 25 topaz stones (worth 22500 zorkmids), 23 emeralds (worth 57500 zorkmids), 22 agate stones (worth 4400 zorkmids), 21 turquoise stones (worth 42000 zorkmids), 20 jasper stones (worth 10000 zorkmids), 18 fluorite stones (worth 7200 zorkmids), 17 jet stones (worth 14450 zorkmids), 16 obsidian stones (worth 3200 zorkmids), 14 amber stones (worth 14000 zorkmids), 14 opals (worth 11200 zorkmids), 12 jade stones (worth 3600 zorkmids), 10 chrysoberyl stones (worth 7000 zorkmids), 9 rubies (worth 31500 zorkmids), 9 jacinth stones (worth 29250 zorkmids), 8 diamonds (worth 32000 zorkmids), 7 garnet stones (worth 4900 zorkmids), 5 dilithium crystals (worth 22500 zorkmids), 4 sapphires (worth 12000 zorkmids), 4 black opals (worth 10000 zorkmids), 3 amulets of life saving (worth 450 zorkmids), 3 amulets of reflection (worth 450 zorkmids), 1 amulet of ESP (worth 150 zorkmids), 1 amulet of unchanging (worth 150 zorkmids), 1 amulet of magical breathing (worth 150 zorkmids), 1 amulet of flying (worth 150 zorkmids), and 1252 pieces of gold, after 59172 moves. You were level 30 with a maximum of 631 hit points when you ascended.